SL
BUCKHEAD BOWTIES @ AUSTIN RANGERS
09/22/2026
 
TOP OF THE 1ST
Buckhead Bowties batting - Pitching for Austin Rangers : RHP John Wilkins
Pitching: RHP John Wilkins
Batting: LHB Armando Esparza 0-0: Ball
1-0: Foul Ball, location: 2F
1-1: Ball
2-1: Fly out, F7 (Flyball, 7S)
Batting: LHB Mysterious Walker 0-0: Ground out 1-3 (Groundball, 13)
Batting: LHB Tony Martínez 0-0: Called Strike
0-1: Foul Ball, location: 2F
0-2: Foul Ball, location: 2F
0-2: Ground out 4-3 (Groundball, 4)
Top of the 1st over - 0 run(s), 0 hit(s), 0 error(s), 0 left on base; Buckhead 0 - Austin 0
BOTTOM OF THE 1ST
Austin Rangers batting - Pitching for Buckhead Bowties : RHP Germán Rodríguez
Pitching: RHP Germán Rodríguez
Batting: RHB Miguel Morán 0-0: Swinging Strike
0-1: SINGLE (Groundball, 4D)
Batting: SHB Xavier Vásquez 0-0: Ball
1-0: Swinging Strike
1-1: Called Strike
Miguel Morán is caught stealing 2nd base
1-2: Fly out, F8 (Line Drive, 8RS)
Batting: LHB António Rivera 0-0: Ball
1-0: Called Strike
1-1: Foul Ball, location: 2F
1-2: Ball
2-2: Ball
3-2: Ground out 6-3 (Groundball, 6D)
Bottom of the 1st over - 0 run(s), 1 hit(s), 0 error(s), 0 left on base; Buckhead 0 - Austin 0
TOP OF THE 2ND
Buckhead Bowties batting - Pitching for Austin Rangers : RHP John Wilkins
Batting: LHB Qi-zhen Loong 0-0: Swinging Strike
0-1: Swinging Strike
0-2: Ball
1-2: Strikes out swinging
Batting: LHB Manuel Carmona 0-0: Foul Ball, location: 2F
0-1: Ball
1-1: Fly out, F8 (Flyball, 89M)
Batting: RHB Gabriel Rodríguez 0-0: Called Strike
0-1: Ball
1-1: Ball
2-1: Ball
3-1: Called Strike
3-2: Strikes out swinging
Top of the 2nd over - 0 run(s), 0 hit(s), 0 error(s), 0 left on base; Buckhead 0 - Austin 0
BOTTOM OF THE 2ND
Austin Rangers batting - Pitching for Buckhead Bowties : RHP Germán Rodríguez
Batting: LHB Count Dante 0-0: Ball
1-0: Ball
2-0: Ball
3-0: Base on Balls
Batting: LHB Jesús Reyes 0-0: Called Strike
0-1: Called Strike
0-2: Ball
1-2: Strikes out swinging
Batting: RHB Jeff Green 0-0: Ball
Count Dante steals 2nd base
1-0: Called Strike
1-1: Foul Ball, location: 2F
1-2: Ball
2-2: Strikes out swinging
Batting: RHB Tony Hernández 0-0: Ball
1-0: Ground out 5-3 (Groundball, 56)
Bottom of the 2nd over - 0 run(s), 0 hit(s), 0 error(s), 1 left on base; Buckhead 0 - Austin 0
TOP OF THE 3RD
Buckhead Bowties batting - Pitching for Austin Rangers : RHP John Wilkins
Batting: RHB Albert Morales 0-0: Ball
1-0: Ball
2-0: Foul Ball, location: 2F
2-1: Foul Ball, location: 2F
2-2: Strikes out swinging
Batting: RHB Won-min Yi 0-0: Ball
1-0: Ball
2-0: Called Strike
2-1: Swinging Strike
2-2: Foul Ball, location: 2F
2-2: Ball
3-2: Fly out, F8 (Flyball, 8LS)
Batting: RHB Dave King 0-0: Foul Ball, location: 2F
0-1: Foul Ball, location: 2F
0-2: Foul Ball, location: 2F
0-2: Ball
1-2: Reached via error on a dropped throw, E3
Batting: LHB Armando Esparza 0-0: Ball
1-0: Fielders Choice at 2nd, 6-4 (Groundball, 6)
Top of the 3rd over - 0 run(s), 0 hit(s), 1 error(s), 0 left on base; Buckhead 0 - Austin 0
BOTTOM OF THE 3RD
Austin Rangers batting - Pitching for Buckhead Bowties : RHP Germán Rodríguez
Batting: LHB Enrique Sánchez 0-0: Called Strike
0-1: Foul Ball, location: 2F
0-2: DOUBLE (Groundball, 5L)
Batting: RHB Matt Sheppard 0-0: TRIPLE (Line Drive, 9LM)
Enrique Sánchez scores
Batting: RHB Miguel Morán 0-0: Ball
1-0: Called Strike
1-1: Ball
2-1: Ball
3-1: Called Strike
3-2: Foul Ball, location: 2F
3-2: Foul Ball, location: 2F
3-2: Foul Ball, location: 2F
3-2: SINGLE (Popup, 3D)
Matt Sheppard scores
Batting: SHB Xavier Vásquez 0-0: Ball
1-0: Fly out, F9 (Line Drive, 9S)
Batting: LHB António Rivera 0-0: Called Strike
0-1: Ball
1-1: Swinging Strike
1-2: Ball
2-2: Ball
3-2: Fly out, F3 (Popup, 3S)
Batting: LHB Count Dante 0-0: Ball
1-0: Ball
2-0: Ball
3-0: Base on Balls
Miguel Morán to second
Pitching: LHP Ramón Torres
Batting: LHB Jesús Reyes 0-0: Called Strike
0-1: Ball
1-1: Foul Ball, location: 2F
1-2: Ball
2-2: Foul Ball, location: 2F
2-2: Fielders Choice at 2nd, 4-6 (Groundball, 4)
Bottom of the 3rd over - 2 run(s), 3 hit(s), 0 error(s), 1 left on base; Buckhead 0 - Austin 2
TOP OF THE 4TH
Buckhead Bowties batting - Pitching for Austin Rangers : RHP John Wilkins
Batting: LHB Mysterious Walker 0-0: Ground out U3 (Groundball, 3)
Batting: LHB Tony Martínez 0-0: Fly out, F6 (Popup, 56D)
Batting: LHB Qi-zhen Loong 0-0: Called Strike
0-1: Hit by Pitch
Batting: LHB Manuel Carmona 0-0: Ball
1-0: Foul Ball, location: 2F
1-1: Fielders Choice at 2nd, 4-6 (Groundball, 4)
Top of the 4th over - 0 run(s), 0 hit(s), 0 error(s), 0 left on base; Buckhead 0 - Austin 2
BOTTOM OF THE 4TH
Austin Rangers batting - Pitching for Buckhead Bowties : LHP Ramón Torres
Batting: RHB Jeff Green 0-0: Ball
1-0: Ball
2-0: Ball
3-0: Called Strike
3-1: Foul Ball, location: 2F
3-2: Base on Balls
Batting: RHB Tony Hernández 0-0: Foul Ball, location: 2F
0-1: Ball
1-1: Ball
2-1: Ball
3-1: Ground out 5-3 (Groundball, 56S)
Jeff Green to second
Batting: LHB Enrique Sánchez 0-0: Ball
1-0: Reached on error, E6 (Groundball, 6M)
Jeff Green to third
Batting: RHB Matt Sheppard 0-0: Ball
Wild Pitch!
Jeff Green scores
Enrique Sánchez to second
1-0: Swinging Strike
1-1: Ball
2-1: Foul Ball, location: 2F
2-2: Ball
3-2: Foul Ball, location: 2F
3-2: Strikes out swinging
Batting: RHB Miguel Morán 0-0: Ball
1-0: SINGLE (Groundball, 6MD)
Enrique Sánchez to third
Runner from 3rd tries for Home, SAFE, no throw
Batting: SHB Xavier Vásquez 0-0: Called Strike
0-1: Ball
1-1: Called Strike
Miguel Morán steals 2nd base
1-2: Ball
2-2: DOUBLE (Flyball, 78D)
Miguel Morán scores
Batting: LHB António Rivera 0-0: Fly out, F7 (Flyball, 7)
Bottom of the 4th over - 3 run(s), 2 hit(s), 1 error(s), 1 left on base; Buckhead 0 - Austin 5
TOP OF THE 5TH
Buckhead Bowties batting - Pitching for Austin Rangers : RHP John Wilkins
Batting: RHB Gabriel Rodríguez 0-0: Ball
1-0: Ball
2-0: Called Strike
2-1: Ball
3-1: Base on Balls
Batting: RHB Albert Morales 0-0: Swinging Strike
0-1: Ball
1-1: Foul Ball, location: 2F
1-2: Strikes out swinging
Batting: RHB Won-min Yi 0-0: Called Strike
0-1: Ball
1-1: Ball
2-1: SINGLE (Flyball, 78S)
Gabriel Rodríguez to second
Batting: RHB Dave King 0-0: Fielders Choice at 2nd, 1-6 (Groundball, 13)
Gabriel Rodríguez to third
Batting: LHB Armando Esparza 0-0: Ball
1-0: Called Strike
1-1: Swinging Strike
1-2: Ground out 1-3 (Groundball, 13)
Top of the 5th over - 0 run(s), 1 hit(s), 0 error(s), 2 left on base; Buckhead 0 - Austin 5
BOTTOM OF THE 5TH
Austin Rangers batting - Pitching for Buckhead Bowties : LHP Ramón Torres
Batting: LHB Count Dante 0-0: Called Strike
0-1: Ball
1-1: Swinging Strike
1-2: Strikes out swinging
Batting: LHB Jesús Reyes 0-0: Foul Ball, location: 2F
0-1: Ball
1-1: Foul Ball, location: 2F
1-2: Strikes out swinging
Batting: RHB Jeff Green 0-0: Called Strike
0-1: Foul Ball, location: 2F
0-2: Ball
1-2: Foul Ball, location: 2F
1-2: Ball
2-2: Foul Ball, location: 2F
2-2: Fly out, F8 (Flyball, 8RM)
Bottom of the 5th over - 0 run(s), 0 hit(s), 0 error(s), 0 left on base; Buckhead 0 - Austin 5
TOP OF THE 6TH
Buckhead Bowties batting - Pitching for Austin Rangers : RHP John Wilkins
Batting: LHB Mysterious Walker 0-0: Swinging Strike
0-1: Ball
1-1: Ball
2-1: Fly out, F8 (Flyball, 8RD)
Batting: LHB Tony Martínez 0-0: Ground out U3 (Groundball, 34S)
Batting: LHB Qi-zhen Loong 0-0: Ball
1-0: Called Strike
1-1: SINGLE (Groundball, 6D)
Batting: LHB Manuel Carmona 0-0: Ball
1-0: Ball
2-0: Fly out, F9 (Flyball, 9)
Top of the 6th over - 0 run(s), 1 hit(s), 0 error(s), 1 left on base; Buckhead 0 - Austin 5
BOTTOM OF THE 6TH
Austin Rangers batting - Pitching for Buckhead Bowties : LHP Ramón Torres
Pitching: RHP Ricardo DePay
Batting: RHB Tony Hernández 0-0: Called Strike
0-1: Ball
1-1: Fly out, F9 (Flyball, 9LM)
Batting: LHB Enrique Sánchez 0-0: Called Strike
0-1: Called Strike
0-2: Ball
1-2: Foul Ball, location: 2F
1-2: Foul Ball, location: 2F
1-2: Ball
2-2: Ball
3-2: Foul Ball, location: 2F
3-2: Foul Ball, location: 2F
3-2: Base on Balls
Batting: RHB Matt Sheppard 0-0: Called Strike
0-1: Foul Ball, location: 2F
0-2: Ball
1-2: Ball
2-2: Ball
3-2: Foul Ball, location: 2F
3-2: Strikes out swinging
Batting: RHB Miguel Morán 0-0: Foul Ball, location: 2F
0-1: Ball
1-1: Called Strike
1-2: Fielders Choice at 2nd, 4-6 (Groundball, 4)
Bottom of the 6th over - 0 run(s), 0 hit(s), 0 error(s), 0 left on base; Buckhead 0 - Austin 5
TOP OF THE 7TH
Buckhead Bowties batting - Pitching for Austin Rangers : RHP John Wilkins
Batting: RHB Gabriel Rodríguez 0-0: Called Strike
0-1: Swinging Strike
0-2: Ball
1-2: Fly out, F7 (Flyball, 7D)
Batting: RHB Albert Morales 0-0: Called Strike
0-1: Ball
1-1: Ball
2-1: Ball
3-1: Base on Balls
Batting: RHB Won-min Yi 0-0: Called Strike
0-1: Swinging Strike
0-2: Foul Ball, location: 2F
0-2: Ball
1-2: Strikes out swinging
Batting: RHB Dave King 0-0: Foul Ball, location: 2F
0-1: Called Strike
0-2: Ball
1-2: Ball
2-2: Fly out, F2 (Popup, 25)
Top of the 7th over - 0 run(s), 0 hit(s), 0 error(s), 1 left on base; Buckhead 0 - Austin 5
BOTTOM OF THE 7TH
Austin Rangers batting - Pitching for Buckhead Bowties : RHP Ricardo DePay
Batting: SHB Xavier Vásquez 0-0: Ground out 4-3 (Groundball, 4S)
Batting: LHB António Rivera 0-0: Ball
1-0: Ball
2-0: Ball
3-0: Called Strike
3-1: Swinging Strike
3-2: Strikes out looking
Batting: LHB Count Dante 0-0: Ball
1-0: Called Strike
1-1: Called Strike
1-2: Strikes out swinging
Bottom of the 7th over - 0 run(s), 0 hit(s), 0 error(s), 0 left on base; Buckhead 0 - Austin 5
TOP OF THE 8TH
Buckhead Bowties batting - Pitching for Austin Rangers : RHP John Wilkins
Batting: LHB Armando Esparza 0-0: Fly out, F3 (Line Drive, 3S)
Batting: LHB Mysterious Walker 0-0: Called Strike
0-1: Hit by Pitch
Batting: LHB Tony Martínez 0-0: Fly out, F8 (Flyball, 8RM)
Batting: LHB Qi-zhen Loong 0-0: Ball
1-0: Ground out 4-3 (Groundball, 4S)
Top of the 8th over - 0 run(s), 0 hit(s), 0 error(s), 1 left on base; Buckhead 0 - Austin 5
BOTTOM OF THE 8TH
Austin Rangers batting - Pitching for Buckhead Bowties : RHP Ricardo DePay
Batting: LHB Jesús Reyes 0-0: Foul Ball, location: 2F
0-1: Called Strike
0-2: Ball
1-2: Strikes out swinging
Batting: RHB Jeff Green 0-0: Foul Ball, location: 2F
0-1: Called Strike
0-2: SINGLE (Groundball, 6S) (infield hit)
Batting: RHB Tony Hernández 0-0: Foul Ball, location: 2F
0-1: Ball
1-1: Called Strike
1-2: Strikes out swinging
Batting: LHB Enrique Sánchez 0-0: Called Strike
0-1: Ball
1-1: Ball
2-1: Fly out, F8 (Flyball, 8LD)
Bottom of the 8th over - 0 run(s), 1 hit(s), 0 error(s), 1 left on base; Buckhead 0 - Austin 5
TOP OF THE 9TH
Buckhead Bowties batting - Pitching for Austin Rangers : RHP John Wilkins
Batting: LHB Manuel Carmona 0-0: Fly out, F8 (Flyball, 8LD)
Batting: RHB Gabriel Rodríguez 0-0: Ball
1-0: Foul Ball, location: 2F
1-1: Called Strike
1-2: Strikes out swinging
Batting: RHB Albert Morales 0-0: Ball
1-0: Called Strike
1-1: Fly out, F8 (Flyball, 8LD)
Top of the 9th over - 0 run(s), 0 hit(s), 0 error(s), 0 left on base; Buckhead 0 - Austin 5
Monday, March 20th, 2017 - OOTP Baseball 17.12 Build 75